 Dungeon Crawl Stone Soup version 0.22.0-40-g68aacdc4c8 (webtiles) character file.

2065 Hanswurst the Cleaver (level 9, -6/79 HPs)
             Began as a Hill Orc Monk on Sept 2, 2018.
             Was a Believer of Wu Jian.
             Mangled by a troll (7 damage)
             ... on level 8 of the Dungeon.
             The game lasted 01:03:54 (9776 turns).

Hanswurst the Cleaver (Hill Orc Monk)               Turns: 9776, Time: 01:03:54

Health: -6/79      AC: 15    Str: 16    XL:     9   Next: 26%
Magic:  9/9        EV:  8    Int: 10    God:    Wu Jian [**....]
Gold:   425        SH:  0    Dex: 14    Spells: 7/8 levels left

rFire    + . .     SeeInvis .   O - +0 war axe
rCold    . . .     Gourm    .   (no shield)
rNeg     . . .     Faith    .   r - +0 chain mail
rPois    +         Spirit   .   x - +0 helmet
rElec    .         Reflect  .   G - +0 cloak
rCorr    .         Harm     .   C - +1 pair of gloves
MR       .....                  (no boots)
Stlth    ..........             (no amulet)
HPRegen  0.23/turn              v - ring of poison resistance
MPRegen  0.11/turn              p - ring of protection from fire

@: no status effects
A: no striking features
a: Wall Jump, Renounce Religion


You were on level 8 of the Dungeon.
You worshipped Wu Jian.
Wu Jian was pleased with you.
You were near starving.

You visited 2 branches of the dungeon, and saw 9 of its levels.

You collected 425 gold pieces.

Inventory:

Hand Weapons
 a - a +0 hand axe
 O - a +0 war axe (weapon)
Missiles
 g - 145 stones
 A - 11 tomahawks (quivered)
 M - 4 javelins of penetration
Armour
 b - a +0 robe
 d - a +0 ring mail
 r - a +0 chain mail (worn)
 x - a +0 helmet (worn)
 C - a +1 pair of gloves (worn)
 G - a +0 cloak (worn)
Magical Staves
 q - an uncursed staff of summoning
Jewellery
 j - an uncursed ring of teleportation
 k - an uncursed ring of magical power
 l - a +6 ring of intelligence
 p - a ring of protection from fire (right hand)
 v - a ring of poison resistance (left hand)
 B - an uncursed ring of attention
 I - an uncursed amulet of inaccuracy
Wands
 D - a wand of clouds (7)
 N - a wand of enslavement (5)
Scrolls
 e - 2 scrolls of remove curse
 f - a scroll of amnesia {unknown}
 i - 3 scrolls of immolation {unknown}
 m - 6 scrolls of teleportation
 o - 2 scrolls of identify
 t - a scroll of random uselessness {unknown}
 w - a scroll of blinking {unknown}
 y - 3 scrolls of enchant weapon {unknown}
 H - 2 scrolls of fear {unknown}
 K - a scroll of noise {unknown}
 L - a scroll of magic mapping {unknown}
Potions
 h - a potion of flight {unknown}
 n - a potion of lignification {unknown}
 s - a potion of degeneration {unknown}
 u - 2 potions of mutation
 z - a potion of haste {unknown}
 E - 2 potions of curing
 F - 3 potions of might
 P - a potion of cancellation {unknown}
Comestibles
 c - 9 rations


   Skills:
 + Level 7.3 Fighting
 + Level 11.0 Axes
 + Level 0.4 Throwing
 + Level 6.7 Armour
 + Level 3.3 Dodging
 + Level 1.8 Stealth


You had 7 spell levels left.
You knew the following spells:

 Your Spells              Type           Power        Failure   Level  Hunger
a - Flame Tongue          Conj/Fire      #....        99%         1    ##.....

Your spell library contained the following spells:

 Spells                   Type           Power        Failure   Level  Hunger
 Confusing Touch          Hex            #.....       99%         1    ##.....
 Throw Flame              Conj/Fire      #.....       100%        2    ###....
 Confuse                  Hex            #.......     100%        3    ####...
 Conjure Flame            Conj/Fire      #.......     100%        3    ####...
 Gell's Gravitas          Tloc           #.........   100%        3    ####...
 Inner Flame              Hex/Fire       #.......     100%        3    ####...
 Petrify                  Tmut/Erth      #.......     100%        4    #####..
 Sticky Flame             Conj/Fire      #.......     100%        4    #####..
 Fireball                 Conj/Fire      #.........   100%        5    ######.
 Metabolic Englaciation   Hex/Ice        #.........   100%        5    ######.
 Yara's Violent Unravell  Hex/Tmut       #.........   100%        5    ######.


Dungeon Overview and Level Annotations

Branches:
Dungeon (8/15)             Temple (1/1) D:5
   Lair: D:8-11

Altars:
Dithmenos
Elyvilon
Gozag
Kikubaaqudgha
Makhleb
Nemelex Xobeh
Qazlal
Ru
Sif Muna
Trog
Uskayaw
Wu Jian
Xom
Yredelemnul
Zin
The Shining One

Shops:
D:6 =   D:7 *


Message History

You spin and attack the troll.
You slash the troll!
The troll is moderately wounded.
The troll bites you but does no damage. The troll claws you! x2
* * * LOW HITPOINT WARNING * * *
You spin and attack the troll.
Your chain mail prevents you from hitting the troll.
The troll is lightly wounded.
The troll bites you but does no damage. The troll closely misses you.
The troll claws you but does no damage.
There is an open door here.
You open the door.
The troll barely misses you. x2; The troll claws you!
* * * LOW HITPOINT WARNING * * *
There is an open door, spattered with blood here.
You spin and attack the troll.
You hit the troll but do no damage. The troll bites you!
* * * LOW HITPOINT WARNING * * *
The troll barely misses you. The troll claws you!
You die...

##T...#....##..##.......#
#....#....#............##
#...##....##..##..##....#
##...##'#####..##..##.####
#.....#....##..##......#
##.....................#
#...#.........##..##.##
#####.##T###..########
##..@.##..##...#
#..............#
#.........##..####
##...<##..##'##..#
##########......# #......#
#.._...# #......# #......#


You could see a troll (pinned).

Vanquished Creatures
  A hippogriff (D:7)
  Menkaure (D:5)
  A water moccasin (D:7)
  An ice beast (D:5)
  2 ogres
  2 bullfrogs
  2 scorpions
  3 wights (D:6)
  2 howler monkeys
  A bullfrog zombie (D:6)
  2 crimson imps
  3 jellies (D:8)
  2 orc priests
  A bullfrog skeleton (D:6)
  A centaur skeleton (D:4)
  2 iguanas (D:6)
  3 worker ants
  4 orc wizards
  A hound skeleton (D:6)
  A worker ant zombie (D:6)
  Robin (D:3)
  11 gnolls
  10 adders
  A shadow imp (D:6)
  6 oozes
  5 worms
  2 dart slugs
  8 leopard geckos
  29 orcs
  A ball python (D:2)
  6 bats
  4 giant cockroaches
  13 hobgoblins
  6 jackals
  5 kobolds
  A quokka (D:3)
  5 frilled lizards
  18 goblins
  A quokka skeleton (D:4)
  11 rats
180 creatures vanquished.

Vanquished Creatures (others)
  4 plants (D:8)
4 creatures vanquished.

Grand Total: 184 creatures vanquished

Notes
Turn   | Place    | Note
-------+----------+-------------------------------------------
     0 | D:1      | Hanswurst the Hill Orc Monk began the quest for the Orb.
     0 | D:1      | Reached XP level 1. HP: 19/19 MP: 1/1
    68 | D:1      | Found a sparkling altar of Nemelex Xobeh.
   177 | D:1      | Reached XP level 2. HP: 27/27 MP: 2/2
  1353 | D:2      | Reached XP level 3. HP: 33/33 MP: 3/3
  1398 | D:2      | Reached skill level 1 in Armour
  1458 | D:2      | Reached skill level 5 in Axes
  1684 | D:2      | Reached XP level 4. HP: 25/40 MP: 4/4
  2661 | D:3      | Noticed Robin
  2692 | D:3      | Reached XP level 5. HP: 36/46 MP: 5/5
  2712 | D:3      | Killed Robin
  2741 | D:3      | Reached skill level 6 in Axes
  3277 | D:3      | Reached XP level 6. HP: 36/53 MP: 6/6
  4218 | D:4      | Reached skill level 7 in Axes
  4762 | D:5      | Entered Level 5 of the Dungeon
  4779 | D:5      | Reached XP level 7. HP: 42/60 MP: 7/7
  5123 | D:5      | Found a staircase to the Ecumenical Temple.
  5130 | Temple   | Entered the Ecumenical Temple
  5149 | Temple   | Became a worshipper of the Wu Jian Council
  5149 | Temple   | Reached * piety under Wu Jian
  5149 | Temple   | Reached ** piety under Wu Jian
  5266 | D:5      | Reached skill level 8 in Axes
  5401 | D:5      | Learned a level 1 spell: Flame Tongue
  5640 | D:5      | Noticed Menkaure
  5653 | D:6      | Reached skill level 5 in Fighting
  6058 | D:6      | Reached XP level 8. HP: 65/70 MP: 8/8
  6069 | D:6      | Reached skill level 5 in Armour
  6392 | D:6      | Reached skill level 9 in Axes
  6700 | D:6      | Found Fuepeg's Jewellery Shop.
  7329 | D:5      | Killed Menkaure
  7900 | D:7      | Noticed a hippogriff
  7977 | D:7      | Reached skill level 10 in Axes
  8654 | D:7      | Found Hutifir's Assorted Antiques.
  8898 | D:7      | Killed a hippogriff
  8898 | D:7      | Reached XP level 9. HP: 48/79 MP: 9/9
  9126 | D:8      | Noticed a cyclops
  9556 | D:8      | Found a burning altar of Makhleb.
  9636 | D:8      | Reached skill level 11 in Axes
  9716 | D:8      | Noticed a troll
  9776 | D:8      | HP: 1/79 [troll (12)]
  9776 | D:8      | Mangled by a troll

Skill      XL: |  1  2  3  4  5  6  7  8  9 |
---------------+----------------------------+-----
Fighting       | 4 5 7 |  7.3
Armour         | 1 3 4 6 |  6.7
Axes           | 5 6 7 8 10 11 | 11.0
Dodging        | 3 |  3.3
Throwing       | |  0.4
Stealth        | |  1.8

Action                   |  1- 3 |  4- 6 |  7- 9 || total
-------------------------+-------+-------+-------++-------
Melee: Hand axe          |   147 |   350 |       ||   497
       War axe           |       |    16 |   295 ||   311
Throw: Tomahawk          |       |       |     5 ||     5
Invok: Whirlwind         |       |       |    86 ||    86
       Wall Jump         |       |       |    43 ||    43
       Lunge             |       |       |    12 ||    12
Evoke: Wand              |       |       |     3 ||     3
  Use: Potion            |     1 |     1 |       ||     2
       Scroll            |       |     2 |     5 ||     7
 Stab: Sleeping          |     1 |       |       ||     1
  Eat: Chunk             |     3 |     9 |    12 ||    24
       Ration            |       |       |     1 ||     1
Armor: Ring mail         |    56 |       |       ||    56
       Chain mail        |    10 |   199 |   170 ||   379
Dodge: Dodged            |    93 |   142 |   124 ||   359
